 Dungeon Crawl Stone Soup version 0.31.0-11-ge490571c62 (webtiles) character file.

Game seed: 9998669902801255281

53 Arcadio the Chopper (level 3, -5/33 HPs)
             Began as a Hill Orc Monk on Jan 26, 2024.
             Slain by Crazy Yiuf
             ... wielding a +2 quarterstaff of chaos
              (7 damage)
             ... on level 2 of the Dungeon.
             The game lasted 00:02:17 (1888 turns).

Arcadio the Chopper (Hill Orc Monk)                 Turns: 1888, Time: 00:02:18

Health: -5/33      AC:  4    Str: 15    XL:     3   Next: 89%
Magic:  2/3        EV:  6    Int: 10    God:
Gold:   108        SH:  0    Dex: 13    Spells: 2/2 levels left

rFire   . . .        a - +0 hand axe
rCold   . . .        d - orb {light}
rNeg    . . .        o - +0 leather armour
rPois   .            j - +0 helmet
rElec   .            (no cloak)
rCorr   .            (no gloves)
SInv    .            (no boots)
Will    .....        (no amulet)
Stlth   +            k - ring of wizardry
HPRegen 0.25/turn    (no ring)
MPRegen 0.08/turn

%: wizardry (x1)
@: held, glowing
A: no striking features
a: no special abilities


You were on level 2 of the Dungeon.
You visited 1 branch of the dungeon, and saw 2 of its levels.

You collected 108 gold pieces.

Inventory:

Hand Weapons
 a - a +0 hand axe (weapon)
Armour
 b - a +0 robe
 d - an orb of light (worn)
 j - a +0 helmet (worn)
 o - a +0 leather armour (worn)
Jewellery
 e - a ring of fire
 k - a ring of wizardry (left hand)
Scrolls
 g - a scroll of noise {unknown}
 h - a scroll of identify {unknown}
 i - a scroll of enchant armour {unknown}
 m - a scroll of poison {unknown}
 n - a scroll of revelation {unknown}
Potions
 f - 2 potions of curing {unknown}
 l - a potion of heal wounds {unknown}


   Skills:
 + Level 4.2 Fighting
 + Level 4.6 Axes
 * Level 2.4 Armour
 - Level 2.4 Dodging


You had 2 spell levels left.
You didn't know any spells.
Your spell library contained the following spells:

 Spells                   Type           Power      Damage    Failure   Level
 Vhi's Electric Charge    Tloc/Air       0%         N/A       86%         4
 Arcjolt                  Conj/Air       0%         1d10      99%         5
 Maxwell's Capacitive Co  Air            0%         ∞         100%        8


Dungeon Overview and Level Annotations

Branches:
Dungeon (2/15)

Altars:

Annotations:
D:2 Crazy Yiuf


Message History

Things that are here:
a +0 whip; 3 stones; a kobold corpse
There is an escape hatch in the floor here.
You see here a +0 club.
Things that are here:
a +2 mace of protection; a +0 animal skin; a +0 helmet
Things that are here:
a +0 dagger; a +1 dagger of pain; a goblin skeleton
Things that are here:
a +0 club; a goblin skeleton
There is an open door here.
There is an open door here.
There is a stone staircase leading down here.
You see here a rat skeleton.
Crazy Yiuf shouts!
You open the door. You hit Crazy Yiuf.
Crazy Yiuf is lightly wounded.
Crazy Yiuf closely misses you.
You hit Crazy Yiuf.
Crazy Yiuf is moderately wounded.
Crazy Yiuf hits you with a +2 quarterstaff of chaos.
You feel your power leaking away.
You hit Crazy Yiuf.
Crazy Yiuf is heavily wounded.
Crazy Yiuf barely misses you.
You completely miss Crazy Yiuf.
Crazy Yiuf is heavily wounded.
Crazy Yiuf hits you with a +2 quarterstaff of chaos!
The Crazy Yiuf's quarterstaff of chaos hits you!
You are caught in a web!
You struggle to detach yourself from the web.
Crazy Yiuf says, "Ten!
Blight bag horse."
Crazy Yiuf hits you with a +2 quarterstaff of chaos!
Crazy Yiuf freezes you.
* * * LOW HITPOINT WARNING * * *
Okay, then.
You struggle to detach yourself from the web.
Crazy Yiuf hits you with a +2 quarterstaff of chaos!
You die...

#.......####....#
#.. #.......#
#....# #######+#
#..)....# ♣....♣
#........
#......÷# ♣♣...♣
#.......(
#.......# ♣♣.♣♣
#........
#.......# ♣♣.♣
#........
#.......# ♣.♣♣
###...).#
#.......# ♣♣.♣
#.##### #.......#
♣@♣♣ #.#.... #
#.......# #g#
######.#.### #
#.......# ...
#....#.#.# # #
#.......# #...#
####.#.#.# # #
#.#'##### #)..#
#.#...### # #.#.#
#####
####.####... #
#.#.##### #..#.#
#... #.#.....##
#.##.####...
#.#......#
#.##........


You could see Crazy Yiuf.

Vanquished Creatures
  Robin (D:2)
  A dart slug (D:2)
  2 ribbon worms (D:2)
  5 bats
  2 endoplasms (D:2)
  A giant cockroach (D:1)
  12 goblins (D:2)
  A hobgoblin (D:2)
  3 kobolds
  A quokka (D:2)
  2 ball pythons
  A frilled lizard (D:2)
  2 rats
34 creatures vanquished.

Notes
Turn   | Place    | Note
-------+----------+-------------------------------------------
     0 | D:1      | Arcadio the Hill Orc Monk began the quest for the Orb.
     0 | D:1      | Reached XP level 1. HP: 19/19 MP: 1/1
   387 | D:1      | Reached skill level 1 in Armour
   440 | D:1      | Found a faded altar of an unknown god.
   653 | D:2      | Reached XP level 2. HP: 24/27 MP: 2/2
  1353 | D:2      | Reached XP level 3. HP: 33/33 MP: 3/3
  1397 | D:2      | Found a runed translucent door.
  1435 | D:2      | Noticed Crazy Yiuf
  1487 | D:2      | Noticed Robin
  1539 | D:2      | Killed Robin
  1888 | D:2      | Slain by Crazy Yiuf

Illustrated notes

Levels and vault maps discovered:
D:1:      beargit_arrival_greenhouse, layout_loops_ring,
          hellmonk_ecumenical_altar_heavens_door, kennysheep_boxes
D:2:      layout_basic, uniq_robin, uniq_crazy_yiuf_cottage

Skill      XL: |  1  2  3 |
---------------+----------+-----
Armour         | 1 2 |  2.4
Fighting       | 4 |  4.2
Axes           | |  4.6
Dodging        | |  2.4

Action                     || total
---------------------------++-------
  Melee: Hand axe          ||   130
    Use: Potion            ||     1
 Armour: Robe              ||    43
         Leather armour    ||    44
  Dodge: Dodged            ||    87
